AoeStats
← Coolman916

Arena

505174978Analyzed
4v4 RM · 22d ago on Sep 8, 2026· 18m 38s· 8 players
Game mode
Random Map
Map size
Large (8 player)
Population
200
Speed
Normal
Resources
Standard
Victory
Conquest
Starting age
Dark Age
Ending age
Imperial Age
RankedLock teamsTeams togetherTeam positionsShared explorationLock speedFull tech treeHidden civsTurbo modeCheats
Victory
Defeat
🇨🇳 Persians · China
1533
+11
🇨🇳 Mongols · China
1428
+16
🇺🇸 Cumans · United States
1374
+18
🇨🇳 Byzantines · China
1325
+20
🇨🇴 Bengalis · Colombia
1513
-20
🇺🇸 Wu · United States
1484
-19
🇦🇷 Franks · Argentina
1362
-14
🇨🇱 Persians · Chile
1324
-12
"Real Friendly" new player
9:41 Feudal Age
10:11 Double-Bit Axe
12:54 Fletching
牛比无极限
5:43 Loom
5:55 Loom
8:12 Feudal Age
11:20 Double-Bit Axe
17:29 Horse Collar
dashuaibi
7:08 Loom
11:01 Feudal Age
15:19 Castle Age
15:22 Scale Barding Armor
15:29 Forging
16:05 Light Cavalry
Boar
10:33 Feudal Age
11:08 Double-Bit Axe
14:11 Castle Age
12:12 Horse Collar
18:20 Bow Saw
Coolman916
9:58 Feudal Age
9:20 Loom
14:19 Castle Age
13:30 Double-Bit Axe
hK | Monastery
10:57 Loom
14:06 Feudal Age
15:06 Man-at-Arms
17:01 Double-Bit Axe
19:14 Wheelbarrow
Nitsuga
10:43 Feudal Age
14:42 Castle Age
13:18 Double-Bit Axe
16:05 Loom
17:22 Bow Saw
Colo-Colo
10:03 Feudal Age
10:11 Feudal Age
14:29 Castle Age
12:37 Double-Bit Axe
13:13 Horse Collar
15:44 Bow Saw
Connection lost

Rejoining the realm…

Still unreachable

The connection could not be restored.

Session expired

The server has moved on; the page needs a fresh start.